[Event "4th EFE Metz Festival-IM"]
[Site "Metz"]
[Date "2018.07.23"]
[Round "1"]
[White "Mohammad, Fahim"]
[Black "Harutyunyan, Ruben"]
[Result "0-1"]
[ECO "A11"]
[WhiteElo "2383"]
[BlackElo "2303"]
[Annotator "NA"]
[PlyCount "92"]
[EventDate "2018.07.22"]
[EventType "tourn"]
[EventCountry "FRA"]
[SourceTitle "playchess.com"]
[Source "ChessBase"]
[SourceQuality "1"]
[TimeControl "5400+30"]

1. c4 c6 2. Nf3 d5 3. e3 Nf6 4. b3 Bg4 5. Bb2 e6 6. Be2 Nbd7 7. O-O Bd6 8. d4 Ne4 9. Ne5 Bxe2 10. Qxe2 Nxe5 11. dxe5 Be7 12. f3 Nc5 13. Nd2 O-O 14. Rad1 Qb6 15. Bd4 Qa6 16. a4 dxc4 17. Bxc5 Bxc5 18. Nxc4 Rad8 19. Kh1 Rd5 20. e4 Rd4 21. f4 Rfd8 22. f5 Rxd1 23. Rxd1 Rxd1+ 24. Qxd1 b5 25. Nd6 bxa4 26. bxa4 Bd4 27. h3 Bxe5 28. Nc4 Bf6 29. Qb3 h6 30. fxe6 fxe6 31. e5 Be7 32. Qb8+ Bf8 33. Qb3 Qc8 34. a5 Qd7 35. a6 Qd5 36. Qc2 Bc5 37. Qe2 Qd4 38. Qf1 h5 39. g3 Qe4+ 40. Kh2 Qc2+ 41. Kh1 Bf2 42. Nd6 Qa2 43. Qg2 Qa1+ 44. Kh2 Qe1 45. Ne4 Bd4 46. Qf3 Qg1# 0-1

[Event "4th EFE Metz Festival-IM"]
[Site "Metz"]
[Date "2018.07.23"]
[Round "1"]
[White "Gatineau, Yovann"]
[Black "Villegas, Pierre"]
[Result "0-1"]
[ECO "D41"]
[WhiteElo "2373"]
[BlackElo "2376"]
[Annotator "NA"]
[PlyCount "108"]
[EventDate "2018.07.22"]
[EventType "tourn"]
[EventCountry "FRA"]
[SourceTitle "playchess.com"]
[Source "ChessBase"]
[SourceQuality "1"]
[TimeControl "5400+30"]

1. Nf3 d5 2. d4 Nf6 3. c4 e6 4. Nc3 c5 5. cxd5 Nxd5 6. g3 Nxc3 7. bxc3 cxd4 8. cxd4 Bb4+ 9. Bd2 Bxd2+ 10. Qxd2 b6 11. Bg2 Bb7 12. O-O O-O 13. Rfd1 Nd7 14. Rac1 Rc8 15. Rxc8 Qxc8 16. Rc1 Qb8 17. Qb4 Rc8 18. Rxc8+ Qxc8 19. Qe7 h6 20. h4 Bc6 21. Ne1 Bb5 22. Kf1 a5 23. Bf3 Qf8 24. Qxf8+ Kxf8 25. Nc2 Bc4 26. a3 Bb3 27. Ne3 Ke7 28. Ke1 Kd6 29. Kd2 Nf6 30. Kc3 Bd5 31. Nxd5 exd5 32. Bg2 Ng4 33. f3 Ne3 34. Bh3 b5 35. Bc8 Kc7 36. Ba6 Kb6 37. Bc8 Kc6 38. Bh3 a4 39. Bc8 Kc7 40. Bh3 g6 41. Kd3 Nc4 42. e4 Nxa3 43. e5 b4 44. e6 fxe6 45. Bxe6 Kd6 46. Bf7 g5 47. hxg5 hxg5 48. f4 gxf4 49. gxf4 b3 50. Kc3 Nc4 51. Bg6 b2 52. Bb1 Na3 53. Kxb2 Nxb1 54. Kxb1 Ke6 0-1

[Event "4th EFE Metz Festival-IM"]
[Site "Metz"]
[Date "2018.07.23"]
[Round "1"]
[White "Stephan, Victor"]
[Black "Adrian, Claude"]
[Result "1-0"]
[ECO "A57"]
[WhiteElo "2356"]
[BlackElo "2267"]
[Annotator "NA"]
[PlyCount "61"]
[EventDate "2018.07.22"]
[EventType "tourn"]
[EventCountry "FRA"]
[SourceTitle "playchess.com"]
[Source "ChessBase"]
[SourceQuality "1"]
[TimeControl "5400+30"]

1. d4 Nf6 2. c4 c5 3. d5 b5 4. a4 b4 5. Qc2 g6 6. e4 Bg7 7. e5 Ng4 8. h3 Nh6 9. g4 d6 10. Bg2 Bb7 11. f4 Qc7 12. Nf3 e6 13. O-O O-O 14. f5 exf5 15. exd6 Qxd6 16. g5 Ng4 17. hxg4 fxg4 18. Nh2 Bd4+ 19. Kh1 h5 20. Bf4 Be5 21. Bxe5 Qxe5 22. Nd2 Qxg5 23. Ne4 Qh4 24. Nf6+ Kg7 25. Qe4 Na6 26. Qe7 g5 27. Qe5 Kh6 28. Ne4 Rae8 29. Qf6+ Kh7 30. Nxg5+ Kg8 31. Qf5 1-0

[Event "4th EFE Metz Festival-IM"]
[Site "Metz"]
[Date "2018.07.23"]
[Round "1"]
[White "Mohota, Nisha"]
[Black "Le Corre, Benjamin"]
[Result "1/2-1/2"]
[ECO "A04"]
[WhiteElo "2265"]
[BlackElo "2257"]
[Annotator "NA"]
[PlyCount "91"]
[EventDate "2018.07.22"]
[EventType "tourn"]
[EventCountry "FRA"]
[SourceTitle "playchess.com"]
[Source "ChessBase"]
[SourceQuality "1"]
[TimeControl "5400+30"]

1. Nf3 d6 2. d4 Nf6 3. g3 g6 4. b3 Bg7 {[%emt 0:02:11] LiveBook: 95 Partien} 5. Bb2 $11 O-O 6. Bg2 a5 7. c4 Nbd7 8. O-O a4 9. Qc2 e5 10. dxe5 dxe5 11. Nxe5 Nxe5 12. Bxe5 Qe7 13. Bb2 Bf5 14. Qc1 axb3 15. axb3 Rxa1 16. Bxa1 Qxe2 17. Nc3 Qc2 18. Bxb7 Rb8 19. Nd5 Nxd5 20. Bxd5 Qxc1 21. Rxc1 Rxb3 22. Bxg7 Kxg7 23. Kg2 Kf6 24. Ra1 Be6 25. Bxe6 Kxe6 26. Ra6+ Rb6 27. Rxb6+ cxb6 28. Kf3 g5 29. Ke3 g4 30. f4 gxf3 31. Kxf3 Kf5 32. g4+ Ke5 33. Ke3 f6 34. h3 h6 35. h4 f5 36. g5 hxg5 37. hxg5 f4+ 38. Kf3 Kf5 39. g6 Kxg6 40. Kxf4 Kf6 41. Ke4 Ke6 42. Kd4 Kd6 43. Kc3 b5 44. cxb5 Kc5 45. b6 Kxb6 46. Kd4 1/2-1/2

[Event "4th EFE Metz Festival-IM"]
[Site "Metz"]
[Date "2018.07.24"]
[Round "2"]
[White "Murdzia, Piotr"]
[Black "Gatineau, Yovann"]
[Result "0-1"]
[ECO "D45"]
[WhiteElo "2410"]
[BlackElo "2373"]
[Annotator "NA"]
[PlyCount "82"]
[EventDate "2018.07.22"]
[EventType "tourn"]
[EventCountry "FRA"]
[SourceTitle "playchess.com"]
[Source "ChessBase"]
[SourceQuality "1"]
[TimeControl "5400+30"]

1. d4 d5 2. c4 c6 3. Nf3 Nf6 4. Nc3 e6 5. e3 Nbd7 6. Qc2 Bd6 7. Be2 O-O 8. O-O e5 9. a4 $146 {[%emt 0:29:37] D45: Semi-Slav: 5 e3} ({Predecessor:} 9. cxd5 cxd5 10. Nb5 Bb8 11. dxe5 Nxe5 12. Bd2 Ne4 13. Bb4 Re8 14. Rac1 Nc6 15. Bc3 Re6 16. Bd3 Qe7 17. Qb3 Rh6 18. g3 Bg4 19. Be2 a6 20. Nbd4 Ba7 21. Qxd5 {1-0 (63) Potkin,V (2597)-Gelfand,B (2734) Almaty 2016}) 9... e4 10. Nd2 Re8 11. b3 Nf8 12. Ba3 Bb8 13. Rfc1 a6 14. Nf1 Ng6 15. b4 Nh4 16. b5 Qd7 17. bxc6 bxc6 18. Ng3 {[%emt 0:01:50] [#]} h5 $2 (18... Nxg2 $1 $17 19. Kxg2 Qh3+ 20. Kh1 Ng4 21. Bxg4 Bxg4) 19. Bf1 Nf3+ 20. gxf3 exf3 21. cxd5 cxd5 {[%emt 0:00:11] [#]} (21... Qg4 $1 $11 {remains equal.}) 22. Qd1 $1 Qg4 23. h3 Qg5 24. Qxf3 h4 25. Nxd5 Nxd5 26. Qh5 Qf6 $2 {[%emt 0:03:35] [#]} (26... Qd8 $16 {ist eine bessere Verteidigung.} 27. Bd3 Nf6 28. Qxh4 Bxg3 29. Qxg3 Bb7) 27. Ne4 $1 ({Not} 27. Qxd5 hxg3 28. f4 Ra7 $16) 27... Bh2+ $18 (27... Qf5 28. Ng5 (28. Qxh4 Bf4 $16) 28... Nxe3) 28. Kxh2 Rxe4 29. Ra2 Bb7 30. Bg2 Nf4 31. exf4 Qxf4+ 32. Kg1 g6 33. Qc5 Rae8 34. Raa1 Re2 35. d5 R8e5 36. Rab1 Rxd5 37. Qb6 Rg5 38. Qxb7 Qxf2+ 39. Kh1 Rxg2 40. Rc8+ Kh7 41. Rh8+ Kxh8 0-1

[Event "4th EFE Metz Festival-IM"]
[Site "Metz"]
[Date "2018.07.24"]
[Round "2"]
[White "Stephan, Victor"]
[Black "Mohammad, Fahim"]
[Result "1-0"]
[ECO "A40"]
[WhiteElo "2356"]
[BlackElo "2383"]
[Annotator "NA"]
[PlyCount "63"]
[EventDate "2018.07.22"]
[EventType "tourn"]
[EventCountry "FRA"]
[SourceTitle "playchess.com"]
[Source "ChessBase"]
[SourceQuality "1"]
[TimeControl "5400+30"]

1. d4 e6 2. c4 b6 3. e4 Bb7 4. Bd3 f5 5. exf5 Bb4+ 6. Kf1 Nf6 7. c5 bxc5 {[%emt 0:09:11] A40: Unusual replies to 1 d4} 8. a3 c4 9. Bxc4 Be7 (9... Ba5 10. fxe6 dxe6 11. Qa4+ c6 12. Nf3 Bb6 13. Be3 Nd5 14. Bg5 Qc7 15. Nc3 O-O 16. Re1 Nxc3 17. bxc3 c5 18. Rxe6 Kh8 19. Re7 Qc8 20. d5 Bd8 21. Re8 Nd7 22. Qxd7 {1-0 (22) Bacrot,E (2695)-Edouard,R (2626) chess.com INT 2017}) 10. Nc3 d5 $146 ({Predecessor:} 10... O-O 11. d5 Kh8 12. dxe6 d5 13. Bd3 c5 14. Nf3 Nc6 15. Ne2 {½-½ (92) Varga,P (2415)-Sulava,N (2497) Nancy 2006}) 11. Bb5+ c6 12. Bd3 exf5 13. Bxf5 O-O 14. Nge2 Na6 15. Qc2 Bc8 16. Ng3 c5 17. Be3 cxd4 18. Bxd4 Bc5 19. Rd1 Bxd4 20. Rxd4 Qb6 21. Qd2 Nc7 22. h4 Bxf5 23. Nxf5 Rae8 24. Rh3 Ne6 25. Rb4 Ne4 ({Günstiger ist} 25... Qc5 $14) 26. Nxe4 Qa6+ 27. Kg1 Rxf5 28. Ng3 Re5 $2 (28... Rf7 $16) 29. f4 $18 Nxf4 30. Qxf4 Re1+ 31. Kh2 Rf8 32. Rb8 1-0

[Event "4th EFE Metz Festival-IM"]
[Site "Metz"]
[Date "2018.07.24"]
[Round "2"]
[White "Harutyunyan, Ruben"]
[Black "Mohota, Nisha"]
[Result "1/2-1/2"]
[ECO "C86"]
[WhiteElo "2303"]
[BlackElo "2265"]
[Annotator "NA"]
[PlyCount "60"]
[EventDate "2018.07.22"]
[EventType "tourn"]
[EventCountry "FRA"]
[SourceTitle "playchess.com"]
[Source "ChessBase"]
[SourceQuality "1"]
[TimeControl "5400+30"]

1. e4 e5 2. Nf3 Nc6 3. Bb5 a6 4. Ba4 Nf6 5. O-O Be7 6. Qe2 b5 7. Bb3 O-O 8. c3 d5 9. d3 dxe4 {[%emt 0:08:35] C86: Spanische Partie (Englischer Angriff)} (9... Re8 10. Rd1 Be6 11. Nbd2 h6 12. Nf1 Bf8 13. Ng3 d4 14. Bxe6 Rxe6 15. Nf5 Ne8 16. a4 Rb8 17. axb5 axb5 {0-1 (66) Bacrot,E (2725)-Aronian,L (2805) Riadh 2017}) 10. dxe4 Bc5 11. Be3 $146 ({Vorgänger:} 11. Bg5 h6 12. Bh4 Qe7 13. Nbd2 Rd8 14. Bd5 Bd7 15. b4 Bd6 16. a4 bxa4 17. Qc4 {½-½ (67) Videnova,I (2160)-Velcheva,M (2254) Sunny Beach 2009}) 11... Bxe3 12. Qxe3 Qe7 13. Nbd2 Na5 14. Bc2 c5 15. Nb3 Nb7 16. a4 Bg4 17. Nh4 c4 18. Nd2 Qc5 19. Qg3 Be2 20. Rfe1 Nh5 21. Qg5 h6 22. Qe3 Qxe3 23. fxe3 Bd3 24. Bxd3 cxd3 25. Nhf3 Nc5 26. axb5 axb5 27. Nxe5 $11 Rxa1 28. Rxa1 Re8 29. Nef3 Nxe4 30. Nxe4 Rxe4 1/2-1/2

[Event "4th EFE Metz Festival-IM"]
[Site "Metz"]
[Date "2018.07.24"]
[Round "2"]
[White "Adrian, Claude"]
[Black "Villegas, Pierre"]
[Result "1/2-1/2"]
[ECO "E04"]
[WhiteElo "2267"]
[BlackElo "2376"]
[Annotator "NA"]
[PlyCount "71"]
[EventDate "2018.07.22"]
[EventType "tourn"]
[EventCountry "FRA"]
[SourceTitle "playchess.com"]
[Source "ChessBase"]
[SourceQuality "1"]
[TimeControl "5400+30"]

1. Nf3 d5 2. d4 Nf6 3. c4 e6 4. g3 dxc4 5. Bg2 Bd7 6. Qc2 {[%emt 0:05:44] E04: Katalanisch} (6. Ne5 Nc6 7. Nxc4 Bb4+ 8. Nc3 Nd5 9. Qd3 O-O 10. O-O Be7 11. Rd1 Bf6 12. e3 Ncb4 13. Qd2 c5 14. Ne4 cxd4 15. Nxf6+ Qxf6 {1-0 (36) Van Wely,L (2695)-Harikrishna,P (2766) Wijk aan Zee 2017}) 6... Bc6 7. O-O Nbd7 8. Bg5 Be7 $146 ({Vorgänger:} 8... h6 9. Bxf6 Nxf6 10. Qxc4 Be7 11. Nc3 O-O 12. Rac1 Bd6 13. Rfd1 Qe7 14. Qd3 Bb4 15. a3 Bxc3 16. Qxc3 Rac8 17. Qa5 a6 18. Rxc6 bxc6 19. Ne5 Nd5 20. Nxc6 {1-0 (39) Wessman,R (2425)-Brynell,S (2485) Haparanda 1994}) 9. Nbd2 Nb6 10. Nxc4 Nxc4 11. Qxc4 O-O 12. Rfd1 Qd5 13. Qc1 Qb5 14. a4 Qa5 15. Bd2 Bb4 16. Qc4 Bxd2 17. Nxd2 Bxg2 18. Kxg2 Rfd8 19. Nb3 Qd5+ 20. Qxd5 exd5 21. Rdc1 c6 22. Nc5 Rab8 23. b4 Ne4 24. Nxe4 dxe4 25. e3 a6 26. Rc5 Re8 27. Rac1 g6 28. g4 h6 29. h4 Re6 $16 30. Kg3 Rbe8 31. d5 cxd5 32. Rxd5 Kg7 33. Rc7 R8e7 34. Rxe7 Rxe7 35. Kf4 f6 36. h5 1/2-1/2

[Event "4th EFE Metz Festival-IM"]
[Site "Metz"]
[Date "2018.07.24"]
[Round "2"]
[White "Le Corre, Benjamin"]
[Black "Haast, Mark"]
[Result "1-0"]
[ECO "B59"]
[WhiteElo "2257"]
[BlackElo "2356"]
[Annotator "NA"]
[PlyCount "89"]
[EventDate "2018.07.22"]
[EventType "tourn"]
[EventCountry "FRA"]
[SourceTitle "playchess.com"]
[Source "ChessBase"]
[SourceQuality "1"]
[TimeControl "5400+30"]

1. e4 c5 2. Nf3 Nc6 3. d4 cxd4 4. Nxd4 Nf6 5. Nc3 d6 6. Be2 e5 7. Nb3 Be7 8. O-O O-O 9. Kh1 a5 10. a4 Be6 11. f4 Nb4 12. f5 Bd7 13. Bg5 Bc6 14. Bxf6 {[%emt 0:06:40] B59: Classical Sicilian: 6 Be2 e5 7 Nb3} (14. Bf3 Qb6 15. Qe2 Rac8 16. Rfd1 Rfe8 17. Be3 Qc7 18. Qf2 Bd8 19. Rd2 Qb8 20. Ba7 Qa8 21. Bb6 Qa6 {½-½ (44) Le Hetet,N (2281)-Lagarde,M (2572) Agen 2016}) 14... Bxf6 15. Nd5 Bxd5 16. exd5 Re8 17. c3 Na6 18. Bb5 Re7 19. Qe2 $146 ({Predecessor:} 19. Qg4 Qb6 20. Nd2 Rc7 21. Ne4 Kf8 {1-0 (60) Gunajew,R (2244)-Palacios Perez,M (2173) Calimanesti 2010}) 19... e4 20. Rf4 e3 21. Rf3 Qb6 22. Re1 Nc7 23. Rxe3 Nxd5 24. Rxe7 Nxe7 25. Nd2 d5 26. Nf3 h6 27. Ne5 Nc6 28. Ng4 Na7 29. Be8 Rd8 30. Bxf7+ Kxf7 31. Nxh6+ Kf8 $1 ({Aber nicht} 31... gxh6 $2 32. Qh5+ {Falsch wäre} Kf8 $2 33. Qxh6+ (33. Re6 Qc6 $18) 33... Kg8 {[#]} 34. Qg6+ (34. Re7 $1 $18 ) 34... Kh8 {[#]} 35. Re7 $1 $18 ) 32. Qh5 Qc7 $1 33. Qg6 Nc6 34. Re6 Nd4 $2 (34... Be5 $11 {und Schwarz steht sicher.} 35. Qh7 gxh6 36. Rf6+ Bxf6 37. Qxc7 d4 38. cxd4 Rxd4) 35. Rxf6+ gxf6 36. Qxf6+ Ke8 37. Qxd4 Qe7 38. h3 $18 Qe4 39. Qg7 Qe7 40. Qg6+ Kd7 41. Ng4 Kc7 42. f6 Qd6 43. Qg7+ Rd7 44. f7 Re7 45. f8=Q 1-0

[Event "4th EFE Metz Festival-IM"]
[Site "Metz"]
[Date "2018.07.24"]
[Round "3"]
[White "Mohammad, Fahim"]
[Black "Adrian, Claude"]
[Result "0-1"]
[ECO "A30"]
[WhiteElo "2383"]
[BlackElo "2267"]
[Annotator "NA"]
[PlyCount "120"]
[EventDate "2018.07.22"]
[EventType "tourn"]
[EventCountry "FRA"]
[SourceTitle "playchess.com"]
[Source "ChessBase"]
[SourceQuality "1"]
[TimeControl "5400+30"]

1. c4 c5 2. g3 e6 3. Bg2 Nf6 4. Nc3 d5 5. cxd5 exd5 6. d4 cxd4 7. Qxd4 Nc6 8. Qd1 d4 9. Nb1 Bb4+ 10. Bd2 O-O 11. Nf3 Re8 12. O-O Bf8 13. Bf4 h6 14. Na3 Nd5 15. Bd2 Bf5 16. Rc1 Qf6 17. Nc4 Rad8 18. Qb3 Rxe2 19. Qxb7 Rb8 20. Qa6 Bd3 21. Qa4 Nb6 22. Nxb6 Rxb6 23. Rfe1 Bb5 24. Qd1 d3 25. Bc3 Qe6 26. Bf1 Bc5 27. Bxe2 dxe2 28. Qd2 Qf5 29. Qf4 Qxf4 30. gxf4 Nb4 31. f5 Nd3 32. Bd2 Bxf2+ 33. Kg2 Bxe1 34. Rc8+ Kh7 35. Nxe1 Nxe1+ 36. Bxe1 Rf6 37. Rc5 Bd3 38. Kf2 Rxf5+ 39. Rxf5 Bxf5 40. Kxe2 g5 41. b4 Bd7 42. Kf3 f5 43. h4 Kg6 44. hxg5 hxg5 45. Bg3 Bc6+ 46. Ke3 a6 47. Be5 Kh5 48. Kf2 Kg4 49. Ke3 f4+ 50. Kf2 Kf5 51. Bc7 g4 52. Bb8 g3+ 53. Kg1 Kg4 54. Bc7 f3 55. Bb6 Kf5 56. Ba7 Ke4 57. Bb6 Kd3 58. Bc7 f2+ 59. Kf1 Ke3 60. Bb6+ Kf3 0-1

[Event "4th EFE Metz Festival-IM"]
[Site "Metz"]
[Date "2018.07.24"]
[Round "3"]
[White "Gatineau, Yovann"]
[Black "Le Corre, Benjamin"]
[Result "1/2-1/2"]
[ECO "A45"]
[WhiteElo "2373"]
[BlackElo "2257"]
[Annotator "NA"]
[PlyCount "101"]
[EventDate "2018.07.22"]
[EventType "tourn"]
[EventCountry "FRA"]
[SourceTitle "playchess.com"]
[Source "ChessBase"]
[SourceQuality "1"]
[TimeControl "5400+30"]

1. d4 Nf6 2. Bf4 d5 3. e3 e6 4. c4 c5 5. Nf3 cxd4 6. Nxd4 Bb4+ 7. Nc3 O-O 8. Qb3 Qe7 9. Nc2 Bxc3+ 10. Qxc3 Ne4 11. Qa3 Qh4 12. g3 Qf6 13. f3 e5 14. fxe4 dxe4 15. O-O-O exf4 16. exf4 Bg4 17. Rd6 Rd8 18. Rxd8+ Qxd8 19. Bg2 Nd7 20. Bxe4 Rc8 21. Qd3 Qc7 22. Bd5 Nb6 23. Re1 g6 24. Ne3 Nxd5 25. Nxd5 Qxc4+ 26. Qxc4 Rxc4+ 27. Nc3 b5 28. Re4 Rc8 29. Kd2 Kg7 30. Ke3 a6 31. a3 h5 32. Rd4 Rc6 33. Rd5 Be6 34. Rd8 Rb6 35. Ne4 b4 36. Rd6 Rxd6 37. Nxd6 bxa3 38. bxa3 Kf6 39. Kd4 Bh3 40. Ne4+ Kf5 41. Ng5 Kg4 42. Nxf7 Kf3 43. Ne5+ Kg2 44. Nxg6 Kxh2 45. Ke5 Kxg3 46. f5 Bxf5 47. Kxf5 h4 48. Nf4 h3 49. Nxh3 Kxh3 50. a4 Kh4 51. a5 1/2-1/2

[Event "4th EFE Metz Festival-IM"]
[Site "Metz"]
[Date "2018.07.24"]
[Round "3"]
[White "Haast, Mark"]
[Black "Harutyunyan, Ruben"]
[Result "0-1"]
[ECO "B56"]
[WhiteElo "2356"]
[BlackElo "2303"]
[Annotator "NA"]
[PlyCount "138"]
[EventDate "2018.07.22"]
[EventType "tourn"]
[EventCountry "FRA"]
[SourceTitle "playchess.com"]
[Source "ChessBase"]
[SourceQuality "1"]
[TimeControl "5400+30"]

1. e4 c5 2. Nf3 d6 3. d4 cxd4 4. Nxd4 Nf6 5. Nc3 Nc6 6. f3 e5 7. Nb3 Be7 8. Be3 O-O 9. Qd2 a5 10. Bb5 Na7 11. Bd3 Nc6 12. Bb5 Na7 13. Bd3 Be6 14. Rd1 Nc8 15. O-O a4 16. Nc1 a3 17. b3 Ra5 18. Qf2 Qd7 19. b4 Ra8 20. Bb5 Qc7 21. Nd5 Nxd5 22. exd5 Bd7 23. Bxd7 Qxd7 24. c4 Bd8 25. f4 exf4 26. Bxf4 Ra4 27. Nd3 Ne7 28. c5 Nxd5 29. Bxd6 Re8 30. c6 bxc6 31. Nc5 Bb6 32. Nxd7 Bxf2+ 33. Rxf2 Rd8 34. Nc5 Rxb4 35. Nd3 Ra4 36. Bc5 Nc3 37. Re1 Ne4 38. Rf3 g6 39. Be7 Re8 40. Bf6 Rc4 41. Rf4 Re6 42. Ne5 Nd6 43. Nxc4 Rxe1+ 44. Kf2 Re4 45. Rxe4 Nxe4+ 46. Kf3 Nxf6 47. Nxa3 Kf8 48. Nc4 Ke7 49. a4 Nd7 50. a5 Kd8 51. g4 Kc7 52. g5 Kb8 53. Kf4 f6 54. h4 Ka7 55. gxf6 Nxf6 56. Kg5 Ng8 57. Ne5 c5 58. Kf4 Ka6 59. Nd3 c4 60. Ne5 c3 61. Ke3 Kxa5 62. Kd3 Kb4 63. Nd7 Ne7 64. Kc2 Kc4 65. Ne5+ Kd4 66. Nf3+ Ke3 67. Ng5 h6 68. Nf7 h5 69. Kxc3 Nf5 {[%emt 0:00:18] Kd4+} 0-1

[Event "4th EFE Metz Festival-IM"]
[Site "Metz"]
[Date "2018.07.24"]
[Round "3"]
[White "Mohota, Nisha"]
[Black "Stephan, Victor"]
[Result "1/2-1/2"]
[ECO "C42"]
[WhiteElo "2265"]
[BlackElo "2356"]
[Annotator "NA"]
[PlyCount "104"]
[EventDate "2018.07.22"]
[EventType "tourn"]
[EventCountry "FRA"]
[SourceTitle "playchess.com"]
[Source "ChessBase"]
[SourceQuality "1"]
[TimeControl "5400+30"]

1. e4 e5 2. Nf3 Nf6 3. Nxe5 d6 4. Nf3 Nxe4 5. Nc3 Nxc3 6. dxc3 Nc6 7. Be3 Be7 8. Qd2 Be6 9. b3 Qd7 10. O-O-O O-O 11. Bg5 Rfe8 12. h3 Rad8 13. Kb2 Ne5 14. Nd4 Bxg5 15. Qxg5 h6 16. Qg3 Qe7 17. f4 Nc6 18. Nxc6 bxc6 19. Ba6 Qf6 20. Rhe1 Rb8 21. Qf2 c5 22. Qf1 Bd7 23. Rxe8+ Rxe8 24. Qf3 c6 25. Bd3 d5 26. Qf2 d4 27. c4 Re3 28. Kb1 Bf5 29. g4 Bxd3 30. Rxd3 Qe7 31. Qg2 Qd6 32. f5 Re1+ 33. Kb2 Qf4 34. Qd2 Qe4 35. Qa5 Re2 36. Rd2 Rxd2 37. Qxd2 Kh7 38. Qh2 Qe3 39. Qg2 Qc3+ 40. Kb1 a5 41. Qxc6 Qe1+ 42. Kb2 Qc3+ 43. Kb1 a4 44. Qxc5 d3 45. cxd3 axb3 46. axb3 Qxb3+ 47. Ka1 Qc3+ 48. Ka2 Qc2+ 49. Ka1 Qc3+ 50. Ka2 Qc2+ 51. Ka1 Qc3+ 52. Ka2 Qc2+ 1/2-1/2

[Event "4th EFE Metz Festival-IM"]
[Site "Metz"]
[Date "2018.07.25"]
[Round "4"]
[White "Mohammad, Fahim"]
[Black "Mohota, Nisha"]
[Result "0-1"]
[ECO "A43"]
[WhiteElo "2383"]
[BlackElo "2265"]
[Annotator "NA"]
[PlyCount "66"]
[EventDate "2018.07.22"]
[EventType "tourn"]
[EventCountry "FRA"]
[SourceTitle "playchess.com"]
[Source "ChessBase"]
[SourceQuality "1"]
[TimeControl "5400+30"]

1. d4 Nf6 2. Nf3 c5 3. d5 b5 4. Bg5 Qb6 5. Bxf6 Qxf6 6. c3 Qb6 7. e4 d6 8. h3 g6 9. Nbd2 Bg7 10. Qc2 O-O 11. a4 bxa4 12. Nc4 Qc7 13. Rxa4 e6 14. Ne3 Nd7 15. Ra2 Nb6 16. Be2 exd5 17. Nxd5 Nxd5 18. exd5 Bf5 19. Qd2 Be4 20. O-O Qb7 21. Rd1 Rfe8 22. Ba6 Qb3 23. Ra3 Qb6 24. Ne1 Rab8 25. b3 Qd8 26. Bf1 Qf6 27. b4 Re5 28. Bc4 cxb4 29. cxb4 Qh4 30. f3 Bf5 31. Bf1 Bh6 32. Qb2 Rxe1 33. Rxe1 Qxe1 0-1

[Event "4th EFE Metz Festival-IM"]
[Site "Metz"]
[Date "2018.07.25"]
[Round "4"]
[White "Stephan, Victor"]
[Black "Haast, Mark"]
[Result "1/2-1/2"]
[ECO "E46"]
[WhiteElo "2356"]
[BlackElo "2356"]
[Annotator "NA"]
[PlyCount "161"]
[EventDate "2018.07.22"]
[EventType "tourn"]
[EventCountry "FRA"]
[SourceTitle "playchess.com"]
[Source "ChessBase"]
[SourceQuality "1"]
[TimeControl "5400+30"]

1. d4 Nf6 2. c4 e6 3. Nc3 Bb4 4. e3 O-O 5. Nge2 Re8 6. a3 Bf8 7. Ng3 d5 8. Be2 dxc4 9. O-O a6 10. Bxc4 c5 11. dxc5 Qxd1 12. Rxd1 Bxc5 13. b4 Be7 14. Be2 Bd7 15. Bb2 Bc6 16. Rac1 Nbd7 17. e4 Red8 18. f3 Ne8 19. f4 Rac8 20. b5 Bc5+ 21. Kf1 axb5 22. Nxb5 Be3 23. Rc3 Bxf4 24. Na7 Rc7 25. Nxc6 bxc6 26. Rcd3 Bxg3 27. Rxg3 Rb8 28. Bc3 Ra7 29. Bd4 c5 30. Bf2 Nef6 31. Rgd3 h6 32. Bf3 e5 33. Rc3 Ra5 34. Rdc1 Rc8 35. Rb1 Rc7 36. Be3 g5 37. h3 Kg7 38. Rbc1 Kg6 39. g4 Kg7 40. Kg2 Nh7 41. Rd3 Nhf8 42. Rcd1 Raa7 43. Rc1 Ne6 44. Rdc3 Ra5 45. Rd1 Rca7 46. Rd5 Rxa3 47. Rxa3 Rxa3 48. Kf2 Ra7 49. Be2 Rb7 50. Ba6 Rc7 51. Bb5 Nef8 52. Ke2 f6 53. Rd6 Kf7 54. Bc4+ Ke7 55. Ra6 Ng6 56. Re6+ Kd8 57. Bb5 Ngf8 58. Ra6 Rb7 59. Bc4 Rb6 60. Ra7 Ne6 61. Ra8+ Ke7 62. Rh8 Nd4+ 63. Kd3 Rb4 64. Rh7+ Ke8 65. Rh8+ Ke7 66. Rh7+ Kd8 67. Rxh6 Nb6 68. Bd5 c4+ 69. Kd2 Ke7 70. h4 gxh4 71. g5 Nxd5 72. exd5 fxg5 73. Bxg5+ Kd7 74. Rh7+ Kc8 75. d6 Rb7 76. Rh8+ Kd7 77. Rh7+ Kc6 78. Rxb7 Kxb7 79. d7 Ne6 80. Bxh4 Kc7 81. Kc3 1/2-1/2

[Event "4th EFE Metz Festival-IM"]
[Site "Metz"]
[Date "2018.07.25"]
[Round "4"]
[White "Harutyunyan, Ruben"]
[Black "Gatineau, Yovann"]
[Result "1/2-1/2"]
[ECO "B92"]
[WhiteElo "2303"]
[BlackElo "2373"]
[Annotator "NA"]
[PlyCount "77"]
[EventDate "2018.07.22"]
[EventType "tourn"]
[EventCountry "FRA"]
[SourceTitle "playchess.com"]
[Source "ChessBase"]
[SourceQuality "1"]
[TimeControl "5400+30"]

1. e4 c5 2. Nf3 d6 3. d4 Nf6 4. Nc3 cxd4 5. Nxd4 a6 6. Be2 e5 7. Nf3 Be7 8. Bg5 Nbd7 9. a4 O-O 10. Nd2 h6 11. Bh4 d5 12. exd5 Nxd5 13. Bxe7 Nxe7 14. Nc4 Nc6 15. Qd6 Nf6 16. O-O-O Be6 17. Qxd8 Rfxd8 18. Rxd8+ Rxd8 19. Rd1 Rd4 20. Nd6 Rb4 21. b3 Kf8 22. Bc4 Bxc4 23. Nxc4 b5 24. axb5 axb5 25. Nb6 Rh4 26. Nxb5 Rxh2 27. Rd6 Nd4 28. Nxd4 exd4 29. Rxd4 Rxg2 30. c4 Rg4 31. Rd3 Ke7 32. c5 Rb4 33. Nc8+ Ke6 34. c6 Rb5 35. Re3+ Re5 36. Rxe5+ Kxe5 37. b4 Kd5 38. b5 Ke5 39. Ne7 {Kd5} 1/2-1/2

[Event "4th EFE Metz Festival-IM"]
[Site "Metz"]
[Date "2018.07.25"]
[Round "4"]
[White "Le Corre, Benjamin"]
[Black "Villegas, Pierre"]
[Result "0-1"]
[ECO "B13"]
[WhiteElo "2257"]
[BlackElo "2376"]
[Annotator "NA"]
[PlyCount "60"]
[EventDate "2018.07.22"]
[EventType "tourn"]
[EventCountry "FRA"]
[SourceTitle "playchess.com"]
[Source "ChessBase"]
[SourceQuality "1"]
[TimeControl "5400+30"]

1. e4 c6 2. d4 d5 3. exd5 cxd5 4. Bd3 Nc6 5. c3 Nf6 6. Bf4 Bg4 7. Qb3 Qc8 8. Nd2 e6 9. Ngf3 Be7 10. Ne5 Bh5 11. Nf1 Nd7 12. Ng3 Bg6 13. Nxg6 hxg6 14. Qc2 Nf6 15. Be5 Nxe5 16. dxe5 Nd7 17. Qe2 a6 18. O-O Qc7 19. Rfe1 Rh4 20. Nf1 O-O-O 21. Rac1 Rh5 22. c4 d4 23. f4 a5 24. a3 a4 25. c5 Nxc5 26. Rc4 Kb8 27. Rec1 Qa5 28. Nd2 Rhh8 29. R1c2 Rd5 30. Ne4 Nxd3 0-1

[Event "4th EFE Metz Festival-IM"]
[Site "Metz"]
[Date "2018.07.26"]
[Round "5"]
[White "Villegas, Pierre"]
[Black "Harutyunyan, Ruben"]
[Result "1/2-1/2"]
[ECO "A06"]
[WhiteElo "2376"]
[BlackElo "2303"]
[Annotator "NA"]
[PlyCount "70"]
[EventDate "2018.07.22"]
[EventType "tourn"]
[EventCountry "FRA"]
[SourceTitle "playchess.com"]
[Source "ChessBase"]
[SourceQuality "1"]
[TimeControl "5400+30"]

1. Nf3 d5 2. c4 c6 3. d4 Nf6 4. g3 Bf5 5. Nc3 e6 6. Nh4 Be4 7. f3 Bg6 8. Qb3 Qb6 9. Nxg6 hxg6 10. c5 Qc7 11. e4 dxe4 12. fxe4 Nbd7 13. e5 Nxe5 14. dxe5 Qxe5+ 15. Be2 O-O-O 16. Bf4 Qxc5 17. Rd1 Rxd1+ 18. Nxd1 Nd5 19. Be3 Nxe3 20. Qxe3 Qb4+ 21. Kf1 Bc5 22. Qc3 Qe4 23. Bf3 Qf5 24. g4 Qf4 25. Qxc5 Qxf3+ 26. Nf2 Rd8 27. Qc2 Rd5 28. Rg1 Qf4 29. Qe4 Qxh2 30. Qb4 Kc7 31. Rh1 Rd1+ 32. Ke2 Rxh1 33. Qe7+ Kc8 34. Qe8+ Kc7 35. Qe7+ Kc8 1/2-1/2